 Dungeon Crawl Stone Soup version 0.24.0-1-gfbc8707 (webtiles) character file.

Game seed: 4422995120716258508, levelgen mode: deterministic

399 TheGoonsmith the Cudgeler (level 6, 0/32 HPs)
             Began as a Vine Stalker Berserker on Oct 28, 2019.
             Was a Priest of Trog.
             Succumbed to an orc wizard's poison
             ... on level 4 of the Dungeon.
             The game lasted 00:07:59 (2880 turns).

TheGoonsmith the Cudgeler (Vine Stalker Berserker)  Turns: 2880, Time: 00:07:59

Health: 0/32       AC:  9    Str: 20    XL:     6   Next: 84%
Magic:  13/16      EV:  9    Int:  7    God:    Trog [***...]
Gold:   252        SH:  0    Dex: 15    Spells: 5/5 levels left

rFire    . . .     SeeInvis .   s - +0 morningstar (protect)
rCold    . . .     Gourm    .   (no shield)
rNeg     . . .     Faith    .   d - +0 chain mail
rPois    .         Spirit   +   (no helmet)
rElec    .         Reflect  .   (no cloak)
rCorr    .         Harm     .   (no gloves)
MR       ++...                  (no boots)
Stlth    ..........             (no amulet)
HPRegen  1.50/turn              g - ring of magical power
MPRegen  0.15/turn              (no ring)

@: lethally poisoned (0 -> -1), regenerating
A: fangs 2, regeneration 1, magic shield, antimagic bite, no potion heal 3, rot
immunity
a: Berserk, Trog's Hand, Renounce Religion


You were on level 4 of the Dungeon.
You worshipped Trog.
Trog was most pleased with you.
You were hungry.

You visited 1 branch of the dungeon, and saw 4 of its levels.

You collected 252 gold pieces.

Inventory:

Hand Weapons
 a - a +0 mace
 n - a +0 antimagic mace
 s - a +0 morningstar of protection (weapon)
Armour
 b - a +0 animal skin
 d - a +0 chain mail (worn)
Jewellery
 g - a ring of magical power (left hand)
Scrolls
 h - a scroll of identify
 k - 2 scrolls of teleportation
Potions
 f - 2 potions of berserk rage
 i - a potion of haste {unknown}
 l - a potion of lignification {unknown}
 m - a potion of magic {unknown}
 o - a potion of brilliance {unknown}
 q - a potion of degeneration {unknown}
 t - a potion of curing {unknown}
 u - a potion of ambrosia {unknown}
 v - a potion of heal wounds {unknown}
Comestibles
 c - 3 rations


   Skills:
 - Level 3.0 Fighting
 * Level 5.2 Maces & Flails
 - Level 3.0 Armour
 - Level 3.0 Dodging


You had 5 spell levels left.
You didn't know any spells.
Your spell library was empty.

Dungeon Overview and Level Annotations

Branches:
Dungeon (4/15)
 Temple: D:4-7

Altars:
Nemelex Xobeh
Qazlal
Vehumet
The Shining One

Annotations:
D:4 1 runed translucent door, Crazy Yiuf


Innate Abilities, Weirdness & Mutations

You have extremely sharp teeth.
Your natural rate of healing is unusually fast.
When hurt, damage is shared between your health and your magic reserves.
Your bite disrupts and absorbs the magic of your enemies.
Potions cannot restore your health.
You are immune to rotting.


Message History

You feel very sick. The orc hits you but does no damage.
The hound skeleton bites you but does no damage.
You feel less confused.
* * * LOW HITPOINT WARNING * * *
You feel sick. The adder skeleton bites you.
Your skin crawls.
You feel resistant to hostile enchantments.
You feel somewhat more hungry.
* * * LOW HITPOINT WARNING * * *
You feel sick. The adder skeleton bites you.
The hound skeleton bites you but does no damage.
The orc hits you but does no damage. The orc barely misses you.
The adder skeleton bites you but does no damage.
* * * LOW HITPOINT WARNING * * *
You feel sick.
The hound skeleton bites you but does no damage.
Unknown command.
Okay, then.
You die...

....... ######......)##
.............)##
...............##
................#####
†...................#
###...........ZZo...###
# ##........o.......#
###.# ...#.#..#.@.....#
....# ...##..+#.#.....#
.#####..........##....#
.'.......##.....##....#
.###......+.._..+.....#
## #.....##...........#
#.....##.....##..###
#.....####'##....#
#.....##.#.##.#..#


You could see 2 orcs, an adder skeleton and a hound skeleton.

Vanquished Creatures
  Sigmund (D:2)
  A crimson imp (D:4)
  Jessica (D:2)
  An orc wizard (D:3)
  6 adders
  3 oozes (D:2)
  2 worms (D:2)
  3 dart slugs
  2 leopard geckos (D:1)
  5 orcs
  6 bats
  5 giant cockroaches
  5 goblins
  7 hobgoblins
  3 jackals (D:2)
  4 frilled lizards
  A goblin skeleton (D:4)
  2 goblin zombies (D:4)
  9 kobolds
  3 kobold skeletons (D:4)
  An orc skeleton (D:4)
  An orc zombie (D:4)
  7 rats
79 creatures vanquished.

Vanquished Creatures (others)
  4 toadstools (D:2)
4 creatures vanquished.

Grand Total: 83 creatures vanquished

Notes
Turn   | Place    | Note
-------+----------+-------------------------------------------
     0 | D:1      | TheGoonsmith the Vine Stalker Berserker began the quest for
                  | the Orb.
     0 | D:1      | Reached XP level 1. HP: 11/11 MP: 2/2
   298 | D:1      | Reached XP level 2. HP: 16/16 MP: 3/3
   432 | D:1      | Reached skill level 3 in Maces & Flails
   633 | D:1      | Reached XP level 3. HP: 15/19 MP: 2/4
   635 | D:1      | Reached ** piety under Trog
  1283 | D:2      | Noticed Jessica
  1301 | D:2      | Killed Jessica
  1301 | D:2      | Gained mutation: Your natural rate of healing is unusually
                  | fast. [Vine Stalker growth]
  1301 | D:2      | Reached XP level 4. HP: 24/24 MP: 5/5
  1472 | D:2      | Found a radiant altar of Vehumet.
  1535 | D:2      | Noticed Sigmund
  1550 | D:2      | Killed Sigmund
  1550 | D:2      | Reached skill level 4 in Maces & Flails
  1550 | D:2      | Reached XP level 5. HP: 28/28 MP: 6/6
  1550 | D:2      | Reached XP level 6. HP: 32/32 MP: 7/7
  1641 | D:2      | Found a stormy altar of Qazlal.
  2359 | D:3      | Reached *** piety under Trog
  2481 | D:3      | Found a sparkling altar of Nemelex Xobeh.
  2776 | D:4      | Found a runed translucent door.
  2777 | D:4      | Noticed Crazy Yiuf
  2828 | D:4      | Found a glowing golden altar of the Shining One.
  2831 | D:4      | Reached skill level 5 in Maces & Flails
  2878 | D:4      | HP: 1/32 [poisoned by an orc wizard]
  2880 | D:4      | Succumbed to an orc wizard's poison

Levels and vault maps discovered:
D:1:      dpeg_cavernosity, layout_basic
D:2:      layout_loops_corners, grunt_qazlal_clouds, lemuel_doored_altar,
          minivault_14, grunt_decor_one_mirror, minmay_gold_behind_fungi,
          uniq_jessica, uniq_sigmund
D:3:      layout_basic, nemelex_lonely_heart_becter
D:4:      layout_basic, nicolae_tso_besieged_by_evil, tgw_trog,
          nicolae_overflow_hidden_temple, serial_shops, nicolae_shop_waterfront,
          first_ration, uniq_crazy_yiuf_cottage

Skill      XL: |  1  2  3  4  5  6 |
---------------+-------------------+-----
Maces & Flails | 3 4 5 |  5.2
Fighting       | 3 |  3.0
Armour         | 2 3 |  3.0
Dodging        | 2 3 |  3.0

Action                   |  1- 3 |  4- 6 || total
-------------------------+-------+-------++-------
Melee: Mace              |    74 |    76 ||   150
       Bite              |    14 |    40 ||    54
       Morningstar       |       |    64 ||    64
Invok: Berserk           |     1 |     1 ||     2
       Trog's Hand       |     1 |     1 ||     2
  Use: Scroll            |       |     5 ||     5
  Eat: Ration            |     1 |       ||     1
       Chunk             |       |     5 ||     5
Armor: Chain mail        |    36 |   113 ||   149
Dodge: Dodged            |    22 |    64 ||    86
